 Dungeon Crawl Stone Soup version 0.24.0-41-g2ae2f7f1be (webtiles) character file.

Game seed: 2529403715197250306, levelgen mode: deterministic

39 Descartes the Scratcher (level 3, -9/15 HPs)
             Began as a Felid Transmuter on Dec 12, 2019.
             Killed from afar by an orc wizard (12 damage)
             ... with a magic dart
             ... on level 3 of the Dungeon.
             The game lasted 00:05:33 (3667 turns).

Descartes the Scratcher (Felid Transmuter)          Turns: 3667, Time: 00:05:34

Health: -9/15      AC:  1    Str:  7    XL:     3   Next: 26%
Magic:  7/7        EV: 18    Int: 14    God:
Gold:   182        SH:  0    Dex: 16    Spells: 5/6 levels left
                                        Lives:  0   Deaths: 1

rFire    + . .     SeeInvis +     - Unarmed
rCold    . . .     Gourm    .   (shield unavailable)
rNeg     . . .     Faith    .   (armour unavailable)
rPois    .         Spirit   .   (helmet unavailable)
rElec    .         Reflect  .   (cloak unavailable)
rCorr    .         Harm     .   (gloves unavailable)
MR       .....                  (boots unavailable)
Stlth    ++........             (no amulet)
HPRegen  0.05/turn              p - ring of protection from fire
MPRegen  0.10/turn              (no ring)

@: very slightly contaminated, quick
A: very small, no armour, no weapons or thrown items, stealth, claws 1, fangs 3,
see invisible, carnivore, speed 1, shaggy fur 1, slow metabolism 1, sharp paws
a: no special abilities


You were on level 3 of the Dungeon.
You were not hungry.

You visited 1 branch of the dungeon, and saw 3 of its levels.

You collected 182 gold pieces.

Inventory:

Missiles
 a - 33 arrows
 l - 65 stones
Jewellery
 p - a ring of protection from fire (left paw)
Scrolls
 b - a scroll of fog {unknown}
 e - a scroll of immolation {unknown}
 g - 2 scrolls of remove curse {unknown}
 h - 4 scrolls of teleportation
 i - 2 scrolls of fear {unknown}
 j - a scroll of noise {unknown}
Potions
 d - 2 potions of flight
 k - 2 potions of haste
 m - 2 potions of curing
 n - a potion of lignification {unknown}
 o - a potion of agility {unknown}
Comestibles
 c - 8 rations


   Skills:
 + Level 1.1 Fighting
 + Level 3.3 Dodging
 + Level 1.3 Stealth
 + Level 4.1 Unarmed Combat
 + Level 2.4 Spellcasting
 + Level 2.8 Transmutations


You had 5 spell levels left.
You knew the following spells:

 Your Spells              Type           Power        Failure   Level  Hunger
a - Beastly Appendage     Tmut           #.....       8%          1    #......

Your spell library contained the following spells:

 Spells                   Type           Power        Failure   Level  Hunger
 Sticks to Snakes         Tmut           #.......     11%         2    ###....
 Spider Form              Tmut/Pois      #.........   36%         3    ###....
 Ice Form                 Ice/Tmut       #.......     77%         4    #####..
 Blade Hands              Tmut           #.........   90%         5    ######.


Dungeon Overview and Level Annotations

Branches:
Dungeon (3/15)

Altars:
Uskayaw

Annotations:
D:3 Natasha


Innate Abilities, Weirdness & Mutations

You cannot wear armour.
You are incapable of wielding weapons or throwing items.
Your paws allow you to move quietly. (Stealth)
You have sharp claws.
You have razor-sharp teeth.
You have supernaturally acute eyesight. (SInv)
You are carnivorous and can eat meat at any time.
You cover ground quickly.
You are covered in fur. (AC +1)
You have a slow metabolism.
Your sharp claws are effective at attacking unaware monsters.


Message History

The orc wizard is moderately wounded.
The orc wizard hits you with a +0 dagger.
You scratch the orc wizard.
The orc wizard is heavily wounded.
The orc wizard miscasts a cantrip.
You completely miss the orc wizard.
The orc wizard is heavily wounded.
The orc wizard hits you with a +0 dagger.
You barely miss the orc wizard.
The orc wizard is moderately wounded.
You barely miss the orc wizard.
The orc wizard is moderately wounded.
The orc wizard hits you with a +0 dagger.
* * * LOW HITPOINT WARNING * * *
You barely miss the orc wizard.
The orc wizard is moderately wounded.
The orc wizard points at you and mumbles some strange words.
The magic dart hits you!
Ouch! That really hurt!
You die...

..# #.#####.#..o# #.#.#.#
..# #h#.........# #.#<..#
..# #.#.###.##..# #.#.###
..#### #o#.#...##..# #...#
#..5.# #.#.#.####..#######
#....###.#.#.# #...o)oo<#
...ooh.5.#.#.# #.##########
##########.#.####.##.......#
#..............o@...>....#.#
'#######.#.#...#..#....#.#.#
.......#.#.###.#.##..#.#.#.#
.......#.#.....#.##..#.#.#.#
.......#.####..#.##..#.#.#.#
#..#####.# #..#.##..#.#.#.#
##.# #.# #..#.##..#.#.#.#
#.# #.# #....##......#.# #.#
#รท# #.#####....###.#


You could see an orc wizard.

Vanquished Creatures
  Natasha (D:3)
  2 adders (D:3)
  A dart slug (D:1)
  2 leopard geckos
  2 orcs (D:3)
  A giant cockroach (D:2)
  6 goblins (D:1)
  6 hobgoblins
  2 jackals (D:1)
  6 bats
  2 frilled lizards
  6 kobolds
  2 rats (D:1)
39 creatures vanquished.

Notes
Turn   | Place    | Note
-------+----------+-------------------------------------------
     0 | D:1      | Descartes the Felid Transmuter began the quest for the Orb.
     0 | D:1      | Reached XP level 1. HP: 9/9 MP: 4/4
   250 | D:1      | Reached XP level 2. HP: 12/12 MP: 4/6
  1167 | D:1      | Reached XP level 3. HP: 15/15 MP: 5/7
  2127 | D:3      | Noticed Natasha
  2693 | D:3      | Killed Natasha
  2693 | D:3      | Reached skill level 1 in Stealth
  2693 | D:3      | Reached XP level 4. HP: 19/19 MP: 6/8
  2764 | D:3      | Found a hide-covered altar of Uskayaw.
  2803 | D:3      | Reached skill level 4 in Unarmed Combat
  2973 | D:3      | Noticed Natasha
  3589 | D:3      | Slain by an orc
  3590 | D:3      | Reached XP level 3. HP: 0/15 MP: 7/7
  3667 | D:3      | Killed from afar by an orc wizard

Levels and vault maps discovered:
D:1:      lemuel_arrival_behind_the_door_small, layout_loops_corners,
          wander_ebering_terrifying_dragon_lair
D:2:      layout_basic, first_ration
D:3:      layout_basic, lemuel_round_altar, uniq_natasha

Skill      XL: |  1  2  3  4 |
---------------+-------------+-----
Dodging        | 3 |  3.3
Stealth        | 1 |  1.3
Unarmed Combat | 4 |  4.1
Fighting       | |  1.1
Spellcasting   | |  2.4
Transmutations | |  2.8

Action                   |  1- 3 |  4- 6 || total
-------------------------+-------+-------++-------
Melee: Unarmed           |   120 |    17 ||   137
       Headbutt          |     7 |     1 ||     8
       Bite              |     4 |       ||     4
       Punch             |     3 |       ||     3
 Cast: Beastly Appendage |    21 |     9 ||    30
  Use: Scroll            |     4 |       ||     4
 Stab: Sleeping          |     4 |       ||     4
  Eat: Chunk             |    11 |     1 ||    12
Armor: Skin              |     4 |     1 ||     5
Dodge: Dodged            |    96 |    25 ||   121
